 Dungeon Crawl Stone Soup version 0.30-a0-948-g4fa250aae5 (webtiles) character file.

Game seed: 4769996795936594769

19845 xian the Thaumaturge (level 12, 0/58 HPs)
             Began as a Vine Stalker Ice Elementalist on Mar 26, 2023.
             Was a High Priest of Sif Muna.
             Slain by a yak (4 damage)
             ... on level 11 of the Dungeon.
             The game lasted 00:35:15 (11830 turns).

xian the Thaumaturge (VSIE)                        Turns: 11830, Time: 00:35:17

Health: 0/58       AC: 23    Str: 12    XL:     12   Next: 73%
Magic:  0/28       EV: 14    Int: 28    God:    Sif Muna [*****.]
Gold:   630        SH:  0    Dex: 20    Spells: 23/34 levels left

rFire   . . .      SeeInvis .    v - +5 long sword of the Warrior {flame, rN+ Int+3}
rCold   . . .      Faith    .    (no shield)
rNeg    + . .      Spirit   +    B - +0 acid dragon scales
rPois   +          Reflect  .    d - +0 helmet
rElec   .          Rampage  .    r - +2 cloak
rCorr   +                        (no gloves)
Will    +....                    H - +2 pair of boots "Rumafuf" {Dex+5}
Stlth   +++                      (no amulet)
HPRegen 1.09/turn                g - +6 ring of intelligence
MPRegen 0.21/turn                i - ring of poison resistance

@: ice-armoured, freezing walls
A: fangs 3, regeneration 1, magic shield, antimagic bite, no potion heal 2
a: Renounce Religion, Channel Magic, Forget Spell, Divine Exegesis


You were on level 11 of the Dungeon.
You worshipped Sif Muna.
Sif Muna was extremely pleased with you.
You visited 2 branches of the dungeon, and saw 12 of its levels.

You collected 642 gold pieces.
You spent 12 gold pieces at shops.

Inventory:

Hand Weapons
 l - a +2 short sword of protection
 v - the +5 long sword of the Warrior (weapon) {flame, rN+ Int+3}
   (You found it on level 4 of the Dungeon)

   Int:       It affects your intelligence (+3).
   rN:        It protects you from negative energy.
Armour
 d - a +0 helmet (worn)
 r - a +2 cloak (worn)
 B - +0 acid dragon scales (worn)
 H - the +2 pair of boots "Rumafuf" (worn) {Dex+5}
   (You found it on level 10 of the Dungeon)

   Dex:       It affects your dexterity (+5).
Magical Staves
 e - a staff of conjuration
Jewellery
 g - a +6 ring of intelligence (left hand)
 i - a ring of poison resistance (right hand)
Wands
 u - a wand of quicksilver (8)
 y - a wand of paralysis (13)
Scrolls
 a - 2 scrolls of vulnerability
 c - 5 scrolls of fog {unknown}
 h - 9 scrolls of teleportation
 n - a scroll of blinking
 o - 2 scrolls of enchant weapon
 t - 2 scrolls of torment
 z - a scroll of magic mapping
 C - a scroll of amnesia {unknown}
 D - 2 scrolls of enchant armour
 F - a scroll of fear
 G - a scroll of brand weapon
Potions
 b - a potion of magic
 f - 6 potions of curing {unknown}
 j - 2 potions of invisibility {unknown}
 k - 3 potions of heal wounds {unknown}
 m - 2 potions of might
 p - 2 potions of mutation {unknown}
 q - 5 potions of brilliance {unknown}
 s - 3 potions of lignification {unknown}
 w - 2 potions of berserk rage {unknown}
 x - a potion of degeneration {unknown}
 A - 2 potions of attraction {unknown}
 E - a potion of haste {unknown}


   Skills:
 + Level 4.5 Fighting
 + Level 7.3 Long Blades
 + Level 1.9 Staves
 + Level 4.8 Armour
 + Level 4.9 Dodging
 + Level 5.2 Stealth
 + Level 11.7 Spellcasting
 + Level 2.8 Summonings
 + Level 11.5 Ice Magic


You had 23 spell levels left.
You knew the following spells:

 Your Spells              Type           Power      Damage    Failure   Level
a - Freeze                Ice            100%       1d10      1%          1
b - Frozen Ramparts       Ice            100%       1d16      1%          3
c - Ozocubu's Armour      Ice            69%        N/A       1%          3
d - Summon Ice Beast      Ice/Summ       54%        N/A       2%          4

Your spell library contained the following spells:

 Spells                   Type           Power      Damage    Failure   Level
 Ensorcelled Hibernation  Hex/Ice        96%        N/A       1%          2
 Sting                    Tmut/Pois      64%        1d6       4%          1
 Passwall                 Tmut/Erth      13%        N/A       8%          2
 Poisonous Vapours        Pois/Air       32%        N/A       8%          2
 Static Discharge         Conj/Air       32%        2-4/arc   8%          2
 Dazzling Flash           Conj/Hex       32%        N/A       14%         3
 Ignite Poison            Fire/Tmut/Pois 16%        N/A       14%         3
 Swiftness                Air            16%        N/A       14%         3
 Vhi's Electric Charge    Tloc/Air       32%        N/A       14%         3
 Olgreb's Toxic Radiance  Pois           16%        N/A       43%         4
 Sticky Flame             Conj/Fire      16%        2d4       43%         4
 Agony                    Necr           16%        N/A       80%         5
 Arcjolt                  Conj/Air       8%         1d18      80%         5
 Plasma Beam              Fire/Air       8%         2x1d20    80%         5
 Silence                  Hex/Air        8%         N/A       80%         5
 Ignition                 Fire           8%         3d5       100%        8


Dungeon Overview and Level Annotations

Branches:
Dungeon (11/15)            Temple (1/1) D:5            Lair (0/5) D:10
    Orc (0/2) D:9

Altars:
Ashenzari
Cheibriados
Dithmenos
Elyvilon
Fedhas
Gozag
Hepliaklqana
Kikubaaqudgha
Makhleb
Nemelex Xobeh
Okawaru
Qazlal
Ru
Sif Muna
Trog
Uskayaw
Vehumet
Wu Jian
Xom
Yredelemnul
Zin
The Shining One

Shops:
D:2 [(=*   D:5 *

Annotations:
D:5 3 runed translucent doors, sugarbear's ghost, novice DjAE


Innate Abilities, Weirdness & Mutations

You have razor-sharp teeth.
Your natural rate of healing is unusually fast.
When hurt, damage is shared between your health and your magic reserves.
Your bite disrupts and absorbs the magic of your enemies.
Potions cannot restore your health.


Message History

You bite the slime creature! You drain its power.
You feel invigorated.
The slime creature is severely wounded.
A yak comes into view.
The slime creature hits you!
The slime creature hits you but does no damage.
You slash the slime creature! You burn the slime creature.
You bite the slime creature.
You kill the slime creature!
Sif Muna accepts your kill. The slime creature hits you. The yak misses you.
You slash the slime creature! You burn the slime creature.
The slime creature is moderately wounded.
A yak comes into view.
The slime creature hits you! x2; The yak gores you but does no damage.
The yak attacks as you move away! The yak misses you.
A yak comes into view.
The slime creature attacks as you move away!
The slime creature closely misses you. The slime creature hits you!
Two slime creatures merge to form a large slime creature.
The yak attacks as you move away! The yak gores you!
* * * LOW HITPOINT WARNING * * *
Casting: Summon Ice Beast (dangerous; 2% risk of failure)
Confirm with . or Enter, or press ? or * to list all spells.
Casting: Frozen Ramparts (safe; 1% risk of failure)
Press: ? - help, Dir - look around, f - activate The walls around you are covered in ice.
The yak bellows!
The slime creature closely misses you.
The wall freezes the yak.
The wall freezes the yak but does no damage.
The yak gores you!
* * * LOW HITPOINT WARNING * * *
Casting: Frozen Ramparts (safe; 1% risk of failure)
Confirm with . or Enter, or press ? or * to list all spells.
A film of ice covers your body! The slime creature hits you.
* * * LOW HITPOINT WARNING * * *
The wall freezes the large slime creature!
The large slime creature hits you but does no damage.
The wall freezes the yak!
The wall freezes the yak.
The yak gores you.
You die...

.......#..#....# #
.......#..#....# #
#####.[#..#....#### ###
..................# .)# #..
..................# ..# #..
..................# ..# #
#.. .................># ..#
.# #..
...............######..#..##
#..
...............#@JYY.Y..<..#
#..
...#############YJY........#
#..
...........................#
#..
...........................#
#..
...........)...............#
#..
############################
###


You could see a large slime creature, a slime creature and 5 yaks.

Vanquished Creatures
  Josephine (D:10)
  2 death yaks (D:10)
  A boulder beetle (D:11)
  4 two-headed ogres
  Sonja (D:10)
  Pikel (D:7)
  A cyclops (D:11)
  2 gargoyles (D:10)
  Maggie (D:6)
  Psyche (D:10)
  3 trolls
  Prince Ribbit (D:8)
  Grinder (D:3)
  3 slime creatures (D:11)
  A vampire (D:8)
  2 shadows (D:9)
  5 wraiths
  A wyvern (D:8)
  17 yaks
  Eustachio (D:4)
  A two-headed ogre zombie (D:9)
  Grum (D:10)
  2 water moccasins (D:7)
  3 orc warriors
  2 sky beasts
  3 black bears
  An ice beast (D:5)
  2 wolves (D:10)
  6 ogres (D:10)
  4 centaurs
  2 phantoms (D:9)
  2 lemures (D:7)
  4 kobold brigands
  A gnoll sergeant (D:5)
  4 bullfrogs
  3 scorpions
  8 wights (D:9)
  2 troll zombies (D:9)
  16 killer bees
  4 howler monkeys
  A bullfrog zombie (D:5)
  4 orc priests
  2 gnoll boudas (D:10)
  4 hounds (D:5)
  A sleepcap (D:4)
  Crazy Yiuf (D:3)
  A hell rat (D:10)
  2 iguanas
  8 orc wizards
  5 ogre zombies (D:9)
  Robin (D:2)
  11 gnolls
  A howler monkey zombie (D:5)
  8 adders
  A river rat (D:10)
  A shadow imp (D:8)
  2 white imps (D:7)
  An ufetubus (D:4)
  A worm (D:2)
  28 orcs
  4 ball pythons
  5 endoplasms
  2 giant cockroaches
  12 goblins
  8 hobgoblins
  3 quokkas
  9 bats
  2 frilled lizards
  2 goblin skeletons (D:9)
  A hobgoblin skeleton (D:9)
  5 hobgoblin zombies (D:9)
  22 kobolds
  3 orc skeletons (D:9)
  14 orc zombies (D:9)
  7 rats
304 creatures vanquished.

Vanquished Creatures (collateral kills)
  A death yak (D:10)
  A manticore (D:11)
  Sigmund (D:3)
  3 yaks (D:8)
  A water moccasin (D:8)
  A gnoll bouda (D:10)
  2 orcs (D:8)
10 creatures vanquished.

Vanquished Creatures (others)
  5 fungi (D:10)
  4 plants
9 creatures vanquished.

Grand Total: 323 creatures vanquished

Notes
Turn   | Place    | Note
-------+----------+-------------------------------------------
     0 | D:1      | xian the Vine Stalker Ice Elementalist began the quest for
                  | the Orb.
     0 | D:1      | Reached XP level 1. HP: 9/9 MP: 4/4
   458 | D:1      | Reached XP level 2. HP: 13/13 MP: 4/6
   637 | D:1      | Found a faded altar of an unknown god.
   968 | D:2      | Found Wuen Rau's General Store.
   980 | D:2      | Bought a scroll of noise for 12 gold pieces
   996 | D:2      | Found Nesoc's Jewellery Boutique.
  1358 | D:2      | Found Xetarph's Antique Weapon Shoppe.
  1373 | D:2      | Reached XP level 3. HP: 16/16 MP: 4/7
  1377 | D:2      | Learned a level 3 spell: Frozen Ramparts
  1711 | D:2      | Found Xofugowu's Antique Armour Shop.
  1773 | D:2      | Noticed Robin
  1783 | D:2      | Killed Robin
  1786 | D:2      | Gained mutation: Your natural rate of healing is unusually
                  | fast. [Vine Stalker growth]
  1786 | D:2      | Reached XP level 4. HP: 16/21 MP: 2/9
  2149 | D:3      | Found a runed translucent door.
  2150 | D:3      | Noticed Crazy Yiuf
  2157 | D:3      | Killed Crazy Yiuf
  2353 | D:3      | Noticed Grinder
  2356 | D:3      | Paralysed by Grinder for 3 turns
  2370 | D:3      | Killed Grinder
  2371 | D:3      | Reached skill level 1 in Staves
  2371 | D:3      | Reached skill level 5 in Ice Magic
  2371 | D:3      | Reached XP level 5. HP: 12/25 MP: 3/12
  2371 | D:3      | Reached XP level 6. HP: 14/29 MP: 3/13
  2465 | D:3      | Learned a level 3 spell: Ozocubu's Armour
  2470 | D:3      | Learned a level 4 spell: Summon Ice Beast
  2560 | D:3      | Noticed Sigmund
  2578 | D:3      | Killed Sigmund
  2579 | D:3      | Reached XP level 7. HP: 32/32 MP: 3/15
  3260 | D:4      | Found an iron altar of Okawaru.
  3260 | D:4      | Found a glowing golden altar of the Shining One.
  3337 | D:4      | Identified the +5 long sword of the Warrior {flame, rN+
                  | Int+3}
  3620 | D:4      | Reached skill level 5 in Spellcasting
  3885 | D:4      | Noticed Eustachio
  3924 | D:4      | Killed Eustachio
  4148 | D:5      | Entered Level 5 of the Dungeon
  4162 | D:5      | Gained mutation: You have razor-sharp teeth. [Vine Stalker
                  | growth]
  4162 | D:5      | Reached XP level 8. HP: 37/37 MP: 8/17
  4376 | D:5      | Found Kidatury's General Store.
  4524 | D:5      | Found a runed translucent gate.
  4524 | D:5      | Noticed sugarbear's ghost (novice DjAE)
  4525 | D:5      | Found a runed translucent gate.
  4525 | D:5      | Found a runed translucent gate.
  4527 | D:5      | Found a basalt altar of Yredelemnul.
  4555 | D:5      | Found a shadowy altar of Dithmenos.
  4588 | D:5      | Reached skill level 1 in Fighting
  4588 | D:5      | Reached skill level 1 in Long Blades
  4619 | D:5      | Reached skill level 1 in Armour
  4983 | D:5      | Found a staircase to the Ecumenical Temple.
  4998 | Temple   | Entered the Ecumenical Temple
  4998 | Temple   | Found a transporter.
  4998 | Temple   | Found a transporter.
  5000 | Temple   | Found a transporter.
  5000 | Temple   | Found a transporter.
  5038 | Temple   | Became a worshipper of Sif Muna the Loreminder
  5213 | D:6      | Reached XP level 9. HP: 41/41 MP: 15/20
  5617 | D:6      | Found a burning altar of Makhleb.
  5624 | D:6      | Noticed Maggie
  5630 | D:6      | Killed Maggie
  6282 | D:7      | Reached * piety under Sif Muna
  6577 | D:7      | Noticed Pikel
  6585 | D:7      | Killed Pikel
  6586 | D:7      | Reached XP level 10. HP: 24/46 MP: 9/23
  7209 | D:8      | Noticed a two-headed ogre
  7222 | D:8      | Killed a two-headed ogre
  7223 | D:8      | Reached skill level 10 in Ice Magic
  7223 | D:8      | Found Kari's Assorted Antiques.
  7264 | D:8      | Reached ** piety under Sif Muna
  7374 | D:8      | Found a blossoming altar of Fedhas.
  7502 | D:8      | Found a hazy altar of Hepliaklqana.
  7685 | D:8      | Noticed Prince Ribbit
  7699 | D:8      | Killed Prince Ribbit
  7913 | D:9      | Reached skill level 10 in Spellcasting
  8025 | D:9      | Found a staircase to the Orcish Mines.
  8045 | D:9      | Reached skill level 1 in Summonings
  8066 | D:9      | Reached XP level 11. HP: 42/50 MP: 26/26
  8085 | D:9      | Reached skill level 5 in Stealth
  8148 | D:9      | Reached *** piety under Sif Muna
  8740 | D:9      | Reached skill level 5 in Long Blades
  9137 | D:10     | Entered Level 10 of the Dungeon
  9192 | D:10     | Reached **** piety under Sif Muna
  9512 | D:10     | Noticed Grum
  9518 | D:10     | Killed Grum
  9656 | D:10     | Noticed Psyche
  9670 | D:10     | Killed Psyche
 10187 | D:10     | Identified the +2 pair of boots "Rumafuf" {Dex+5}
 10262 | D:10     | Noticed a death yak
 10262 | D:10     | Noticed a death yak
 10264 | D:10     | Found a staircase to the Lair.
 10276 | D:10     | Killed a death yak
 10277 | D:10     | Noticed a death yak
 10282 | D:10     | Noticed Sonja
 10283 | D:10     | Killed a death yak
 10286 | D:10     | Killed a death yak
 10287 | D:10     | Reached XP level 12. HP: 40/58 MP: 23/28
 10289 | D:10     | Killed Sonja
 10451 | D:10     | Noticed Josephine
 10466 | D:10     | Killed Josephine
 11175 | D:11     | Noticed a two-headed ogre
 11185 | D:11     | Killed a two-headed ogre
 11442 | D:11     | Noticed a two-headed ogre
 11450 | D:11     | Killed a two-headed ogre
 11477 | D:11     | Reached ***** piety under Sif Muna
 11520 | D:11     | Noticed a boulder beetle
 11546 | D:11     | Killed a boulder beetle
 11775 | D:11     | Noticed a two-headed ogre
 11785 | D:11     | Killed a two-headed ogre
 11830 | D:11     | Slain by a yak

Illustrated notes

Levels and vault maps discovered:
D:1:      dpeg_arrival_more_subterranean_lakeside_camping, layout_basic,
          hellmonk_ecumenical_altar_arch_garden
D:2:      layout_basic, serial_shops, shop, shop_fountains,
          nicolae_shop_temple_entry_statues_fountains, shop,
          grunt_decor_clamped, uniq_robin
D:3:      layout_loops_cross, uniq_grinder, uniq_crazy_yiuf_cottage,
          uniq_sigmund
D:4:      layout_rooms, mainiacjoe_overflow_catwalk_spiral, grunt_tough_drop,
          uniq_eustachio
D:5:      layout_rooms, grunt_dithmenos_smoke, nicolae_yredelemnul_ghost_church,
          temple_statues, serial_shops, shop
D:6:      layout_loops_ring, lemuel_doored_altar, uniq_maggie
D:7:      layout_basic, serial_glass, glass_columns_b, glass_columns_a,
          glass_columns_c, glass_columns_c, glass_columns_b, glass_columns_a,
          glass_columns_b, glass_columns_a, glass_columns_c, glass_columns_a,
          glass_columns_c, glass_columns_a, glass_columns_a, glass_columns_b,
          hangedman_abyss_or_decor_jellyfish_corner, uniq_pikel
D:8:      layout_rooms, nicolae_hepliaklqana_hazy_memory, fedhas_altar_1,
          serial_shops, shop, uniq_prince_ribbit1
D:9:      layout_loops_corners, zombieorc2_lemuel
D:10:     kennysheep_seaside_town, layout_stronghold, dpeg_lair_monsters,
          uniq_josephine, uniq_psyche, uniq_grum, uniq_sonja
D:11:     layout_grid_maze
Temple:   hellmonk_temple_divided_pantheon

Skill      XL: |  1  2  3  4  5  6  7  8  9 10 11 12 |
---------------+-------------------------------------+-----
Stealth        | 3 4 5 |  5.2
Spellcasting   | 3 4 5 7 8 10 11 | 11.7
Staves         | 1 |  1.9
Ice Magic      | 5 6 7 9 10 11 | 11.5
Dodging        | 2 3 4 |  4.9
Fighting       | 1 2 3 4 |  4.5
Long Blades    | 2 3 6 7 |  7.3
Armour         | 1 2 3 4 |  4.8
Summonings     | 1 2 |  2.8

Action                     |  1- 3 |  4- 6 |  7- 9 | 10-12 || total
---------------------------+-------+-------+-------+-------++-------
  Melee: Short sword       |     7 |     1 |       |       ||     8
         Bite              |     3 |     5 |    21 |   139 ||   168
         Quarterstaff      |       |    10 |     3 |       ||    13
         Long sword        |       |       |    57 |   367 ||   424
         Punch             |       |       |       |     7 ||     7
   Cast: Freeze            |    31 |    11 |   119 |    60 ||   221
         Frozen Ramparts   |     3 |     4 |    14 |    30 ||    51
         Ozocubu's Armour  |       |     1 |    11 |    22 ||    34
         Summon Ice Beast  |       |     1 |     2 |    10 ||    13
    Use: Scroll            |       |       |     1 |     8 ||     9
         Potion            |       |       |       |     1 ||     1
   Stab: Sleeping          |     1 |       |     2 |     1 ||     4
 Armour: Robe              |     6 |     6 |     1 |       ||    13
         Leather armour    |       |       |    62 |       ||    62
         Acid dragon scale |       |       |    17 |   286 ||   303
  Dodge: Dodged            |     9 |    10 |   133 |   409 ||   561

Table legend: (Time is in decaauts)
 A = Elapsed time spent in this place.
 B = Non-inter-level travel time spent in this place.
 C = Inter-level travel time spent in this place.
 D = Time resting spent in this place.
 E = Time spent auto-exploring this place.
 F = Levels seen in this place.
 G = Mean time per level.
                   A        B        C        D        E       F      G
               +--------+--------+--------+--------+--------+-----+--------+
         Total |  11935 |  11657 |    278 |      0 |   8880 |  12 |  994.6 |
       Dungeon |  11876 |  11598 |    278 |      0 |   8880 |  11 | 1079.6 |
        Temple |     58 |     58 |      0 |      0 |      0 |   1 |   58.0 |
               +--------+--------+--------+--------+--------+-----+--------+

Top non-repeatable levels by time:
    D:10: 1836 daAuts
     D:9: 1307 daAuts
     D:3: 1128 daAuts
     D:2: 1091 daAuts
     D:6: 1088 daAuts
     D:1: 992 daAuts
     D:4: 940 daAuts
    D:11: 907 daAuts
     D:5: 902 daAuts
     D:7: 879 daAuts
     D:8: 800 daAuts
  Temple: 58 daAuts
